 Dungeon Crawl Stone Soup version 0.29.1-15-g9cfb28693d (webtiles) character file.

Game seed: 15410125722102317549

42 jtron the Cudgeller (level 3, 0/26 HPs)
             Began as a Human Wanderer on Feb 27, 2023.
             Slain by a gnoll
             ... wielding a +0 whip
              (3 damage)
             ... on level 1 of the Dungeon.
             The game lasted 00:04:13 (1850 turns).

jtron the Cudgeller (Human Wanderer)                Turns: 1850, Time: 00:04:14

Health: 0/26       AC:  2    Str:  8    XL:     3   Next: 77%
Magic:  4/4        EV: 11    Int: 14    God:
Gold:   40         SH:  4    Dex: 16    Spells: 3/4 levels left

rFire   . . .      SeeInvis .   a - +2 mace
rCold   . . .      Faith    .   b - +0 buckler
rNeg    . . .      Spirit   .   d - +0 robe
rPois   .          Reflect  .   (no helmet)
rElec   .          Harm     .   (no cloak)
rCorr   .          Rampage  .   (no gloves)
Will    .....                   (no boots)
Stlth   +.........              (no amulet)
HPRegen 0.08/turn               (no ring)
MPRegen 0.09/turn               (no ring)

@: no status effects
A: no striking features
a: no special abilities


You were on level 1 of the Dungeon.
You visited 1 branch of the dungeon, and saw 2 of its levels.

You collected 90 gold pieces.
You spent 50 gold pieces at shops.

Inventory:

Hand Weapons
 a - a +2 mace (weapon)
 l - a +0 sling
Missiles
 e - 28 stones
Armour
 b - a +0 buckler (worn)
 d - a +0 robe (worn)
Jewellery
 m - a +6 ring of dexterity
Scrolls
 k - a scroll of teleportation {unknown}
Potions
 c - a potion of attraction
 h - a potion of flight {unknown}
 j - a potion of cancellation {unknown}


   Skills:
 + Level 1.0 Fighting
 + Level 4.7 Maces & Flails
 + Level 0.3 Dodging
 + Level 1.0 Shields
 + Level 1.2 Spellcasting
 + Level 3.3 Earth Magic


You had 3 spell levels left.
You knew the following spells:

 Your Spells              Type           Power      Damage    Failure   Level
a - Sandblast             Erth           20%        2d7       9%          1

Your spell library contained the following spells:

 Spells                   Type           Power      Damage    Failure   Level
 Stone Arrow              Conj/Erth      10%        3d7       47%         3
 Dazzling Flash           Conj/Hex       0%         N/A       71%         3
 Iskenderun's Mystic Bla  Conj/Tloc      0%         2d3       98%         4
 Starburst                Conj/Fire      0%         6d3       100%        6


Dungeon Overview and Level Annotations

Branches:
Dungeon (2/15)

Altars:

Shops:
D:1 !


Message History

The gnoll attacks as you move away! The gnoll barely misses you.
The gnoll attacks as you move away! The gnoll hits you with a +0 whip.
Your hearing returns.
The gnoll attacks as you move away! The gnoll hits you with a +0 whip!
The gnoll attacks as you move away! The gnoll hits you with a +0 whip!
* * * LOW HITPOINT WARNING * * *
There is a stone staircase leading up here.
You feel much better. The gnoll hits you with a +0 whip.
The ball python barely misses you. The ball python grabs you.
You stop ascending the stairs.
The ball python constricts you. The gnoll hits you with a +0 whip!
You escape the ball python's grasp.
You block the ball python's attack. The ball python closely misses you.
The gnoll hits you with a +0 whip.
You climb upwards.
There is a stone staircase leading down here.
You feel better.
The ball python bites you but does no damage.
The ball python grabs you. The ball python constricts you.
The gnoll hits you with a +0 whip.
You escape the ball python's grasp.
The gnoll barely misses you.
You hit the ball python.
You kill the ball python!
You hit the gnoll.
The gnoll is lightly wounded.
The gnoll hits you with a +0 whip!
* * * LOW HITPOINT WARNING * * *
You hit the gnoll.
The gnoll is moderately wounded.
The gnoll barely misses you.
You feel better. The gnoll hits you with a +0 whip!
* * * LOW HITPOINT WARNING * * *
You closely miss the gnoll.
The gnoll is moderately wounded.
The gnoll completely misses you.
You hit the gnoll.
The gnoll is heavily wounded.
The gnoll hits you with a +0 whip.
* * * LOW HITPOINT WARNING * * *
The gnoll hits you with a +0 whip.
You die...

.#.##..##.##..#.##....#.##.......
.#.#.####.###.#.#.##..#.##..#.###
##.##.##.###.##..######.##..#.#
.##..####...######......)#..#.###
..###########....................
.........## #...............#.###
.#######..###..###.#...#....#.###
.................................
.########......#@#...#.#..#.#.###
.############..#g#...#.#..#.#.#
.##.............>.............#
.############..............####
...# #######.......)#.#...######
...# #........#.....#...........
...# #.####.....................
...# #.# #.####............####
...# ##.####..#..................


You could see a gnoll.

Vanquished Creatures
  A gnoll (D:1)
  A dart slug (D:1)
  3 ball pythons
  2 bats (D:1)
  3 endoplasms (D:1)
  2 giant cockroaches (D:1)
  2 hobgoblins
  3 quokkas
  3 frilled lizards
  4 goblins (D:1)
  A kobold (D:1)
  2 rats (D:1)
27 creatures vanquished.

Notes
Turn   | Place    | Note
-------+----------+-------------------------------------------
     0 | D:1      | jtron the Human Wanderer began the quest for the Orb.
     0 | D:1      | jtron set off with the following items: a +2 mace, a +0
                  | buckler, a potion of attraction, a +0 robe; and the
                  | following spell memorised: Sandblast; and the following
                  | spells available to memorise: Stone Arrow.
     0 | D:1      | Reached XP level 1. HP: 15/15 MP: 2/2
   244 | D:1      | Found Faofun's Distillery.
   366 | D:1      | Bought a potion of heal wounds for 50 gold pieces
   403 | D:1      | Reached XP level 2. HP: 21/21 MP: 1/3
  1032 | D:1      | Reached XP level 3. HP: 24/26 MP: 4/4
  1850 | D:1      | Slain by a gnoll

Illustrated notes

Levels and vault maps discovered:
D:1:      dpeg_arrival_signposts, layout_basic, serial_shops, shop_coins,
          kennysheep_nondescript, glass_columns_c, hangedman_decor_push
D:2:      layout_loops_ring, shapermc_ecumenical_altar_pompeii, serial_shops,
          shop_fountains, cheibrodos_gnoll_hut

Action                   || total
-------------------------++-------
Melee: Mace              ||    57
 Cast: Sandblast         ||    10
  Use: Potion            ||     3
       Scroll            ||     2
 Stab: Sleeping          ||     1
Armor: Robe              ||     9
Dodge: Dodged            ||    37
Block: Buckler           ||    12
